 Dungeon Crawl Stone Soup version 0.19.5 (webtiles) character file.

455 tognito the Skirmisher (level 6, -16/57 HPs)
             Began as a Minotaur Berserker on Apr 23, 2017.
             Was a Believer of Trog.
             Demolished by Menkaure (19 damage)
             ... on level 4 of the Dungeon.
             The game lasted 00:06:02 (2165 turns).

tognito the Skirmisher (Minotaur Berserker)         Turns: 2165, Time: 00:06:03

Health: -16/57     AC:  9    Str: 27    XL:     6   Next: 76%
Magic:  5/5        EV: 11    Int:  4    God:    Trog [**....]
Gold:   153        SH:  0    Dex: 10    Spells: 0 memorised, 5 levels left

rFire  . . .     SeeInvis .     a - +0 hand axe
rCold  . . .     Gourm    .     p - +0 scale mail
rNeg   . . .     Faith    .     (no shield)
rPois  .         Spirit   .     (helmet restricted)
rElec  .         Reflect  .     (no cloak)
rCorr  .         Harm     .     (no gloves)
MR     .....                    (no boots)
Stlth  ..........               (no amulet)
                                u - +2 ring of protection
                                g - +4 ring of strength

@: no status effects
A: retaliatory headbutt, horns 2
a: Berserk, Trog's Hand, Burn Spellbooks, Renounce Religion


You were on level 4 of the Dungeon.
You worshipped Trog.
Trog was pleased with you.
You were not hungry.

You visited 1 branch of the dungeon, and saw 4 of its levels.

You collected 153 gold pieces.

Inventory:

Hand Weapons
 a - a +0 hand axe (weapon)
Missiles
 m - 67 bolts
Armour
 p - a +0 scale mail (worn)
Jewellery
 g - a +4 ring of strength (left hand)
 h - an uncursed ring of stealth
 o - an uncursed ring of protection from fire
 u - a +2 ring of protection (right hand)
 z - an uncursed ring of protection from magic {unknown}
Wands
 b - a wand of slowing (17/48)
 s - a wand of flame (29/48)
 w - a wand of teleportation (4/9)
Scrolls
 d - 2 scrolls of identify {unknown}
 e - a scroll of fear {unknown}
 j - a scroll of blinking {unknown}
 k - 2 scrolls of remove curse {unknown}
 r - a scroll of noise {unknown}
 t - a scroll of recharging {unknown}
 x - a scroll of magic mapping {unknown}
 y - a scroll of teleportation {unknown}
Potions
 i - 3 potions of curing
 n - a potion of agility
 v - a potion of berserk rage
Comestibles
 c - 4 bread rations
 f - 4 beef jerkies
 l - 3 meat rations
 q - 2 fruits
 A - a chunk of flesh


   Skills:
 * Level 6.2 Fighting
 * Level 5.9 Axes
 + Level 4.3 Armour
 + Level 3.7 Dodging


You had 5 spell levels left.
You didn't know any spells.

Dungeon Overview and Level Annotations

Branches:
Dungeon (4/15)
 Temple: D:4-7

Altars:
Vehumet

Annotations:
D:4 Menkaure


Innate Abilities, Weirdness & Mutations

You reflexively headbutt those who attack you in melee.
You have a pair of horns on your head.


Message History

There is a stone staircase leading up here.
Menkaure, Prince of Dust comes into view.
Menkaure shouts!
Menkaure calls on the powers of darkness!
Your body is wracked with pain!
Menkaure mumbles some strange words.
Menkaure seems to speed up.
Found 4 gold pieces.
Menkaure mumbles, "It doesn't hurt if you pull your brain out of your nose yourself."
Menkaure hits you!
* * * LOW HITPOINT WARNING * * *
Found an escape hatch in the ceiling.
Found a stone staircase leading up.
You slash Menkaure! Your headbutt misses Menkaure.
Menkaure is heavily damaged.
Menkaure hits you!
* * * LOW HITPOINT WARNING * * *
You completely miss Menkaure.
Menkaure is heavily damaged.
Menkaure closely misses you. Menkaure hits you!!
You die...

##.....$.. ..
........#...
.....#.##.# .
..#.##.#.#
#.#.#.##.#.#
#####.#.#.##.#.#
..........##.#.##.#
#.M@..........#
##.#####..##### #.
#..# #. #<.# #.
#..# #< #..# #.
#... .< ##.#. .##.


You could see Menkaure.

Vanquished Creatures
  Sigmund (D:2)
  An ogre (D:3)
  Jessica (D:2)
  Natasha (thrice) (D:2)
  5 adders
  An ooze (D:2)
  2 worms
  3 dart slugs
  2 leopard geckos
  A ball python (D:3)
  A giant cockroach (D:3)
  7 goblins
  6 hobgoblins
  2 jackals (D:1)
  2 quokkas
  3 bats
  6 frilled lizards
  7 kobolds
  6 rats
60 creatures vanquished.

Notes
Turn   | Place    | Note
-------+----------+-------------------------------------------
     0 | D:1      | tognito the Minotaur Berserker began the quest for the Orb.
     0 | D:1      | Reached XP level 1. HP: 19/19 MP: 0/0
    86 | D:1      | Reached XP level 2. HP: 25/27 MP: 1/1
   312 | D:1      | Reached skill level 4 in Fighting
   462 | D:2      | Reached XP level 3. HP: 28/33 MP: 2/2
   541 | D:2      | Noticed Sigmund
   552 | D:2      | Killed Sigmund
   552 | D:2      | Reached ** piety under Trog
   552 | D:2      | Reached skill level 5 in Fighting
   552 | D:2      | Reached skill level 5 in Axes
   552 | D:2      | Reached XP level 4. HP: 42/42 MP: 3/3
   552 | D:2      | Reached XP level 5. HP: 48/48 MP: 4/4
   936 | D:2      | Noticed Jessica
   947 | D:2      | Killed Jessica
  1002 | D:2      | Noticed Natasha
  1006 | D:2      | Killed Natasha
  1017 | D:2      | Found a radiant altar of Vehumet.
  1027 | D:2      | Reached XP level 6. HP: 54/57 MP: 5/5
  1045 | D:2      | Noticed Natasha
  1054 | D:2      | Killed Natasha
  1135 | D:2      | Noticed Natasha
  1143 | D:2      | Killed Natasha
  1645 | D:3      | Reached skill level 6 in Fighting
  2159 | D:4      | Noticed Menkaure
  2165 | D:4      | Demolished by Menkaure

Skill      XL: |  1  2  3  4  5  6 |
---------------+-------------------+-----
Axes           | 4 5 |  5.9
Fighting       | 4 5 6 |  6.2
Armour         | 3 4 |  4.3
Dodging        | 3 |  3.7

Action                   |  1- 3 |  4- 6 || total
-------------------------+-------+-------++-------
Melee: Hand axe          |    33 |    70 ||   103
       Headbutt          |     7 |    16 ||    23
Invok: Berserk           |     1 |       ||     1
  Use: Potion            |     4 |     3 ||     7
 Stab: Sleeping          |     1 |       ||     1
  Eat: Chunk             |       |     5 ||     5
Armor: Animal skin       |     4 |       ||     4
       Scale mail        |       |    19 ||    19
Dodge: Dodged            |    14 |    44 ||    58
